 Dungeon Crawl Stone Soup version 0.28.0-53-g5a82cb258f (webtiles) character file.

Game seed: 17765718133593242987

3017 ultragoat the Fighter (level 9, -6/82 HPs)
             Began as a Minotaur Fighter on May 26, 2022.
             Mangled by a seven-headed hydra (9 damage)
             ... on level 6 of the Dungeon.
             The game lasted 00:27:38 (7516 turns).

ultragoat the Fighter (Minotaur Fighter)            Turns: 7516, Time: 00:27:39

Health: -6/82      AC: 16    Str: 29    XL:     9   Next: 55%
Magic:  8/8        EV: 11    Int:  5    God:
Gold:   215        SH:  5    Dex: 12    Spells: 8/8 levels left

rFire   . . .      SeeInvis .   p - +5 war axe (vorpal)
rCold   . . .      Faith    .   c - +0 buckler
rNeg    . . .      Spirit   .   b - +0 scale mail
rPois   .          Reflect  .   (helmet restricted)
rElec   .          Harm     .   m - +1 cloak
rCorr   .          Rampage  .   (no gloves)
Will    .....                   u - +0 pair of boots
Stlth   ..........              (no amulet)
HPRegen 0.23/turn               x - +4 ring of protection
MPRegen 0.11/turn               s - +6 ring of strength

@: no status effects
A: horns 2, retaliatory headbutt
a: no special abilities


You were on level 6 of the Dungeon.
You visited 1 branch of the dungeon, and saw 8 of its levels.

You collected 332 gold pieces.
You spent 117 gold pieces at shops.

Inventory:

Hand Weapons
 p - a +5 vorpal war axe (weapon)
Missiles
 a - 3 boomerangs (quivered)
Armour
 b - a +0 scale mail (worn)
 c - a +0 buckler (worn)
 m - a +1 cloak (worn)
 u - a +0 pair of boots (worn)
Jewellery
 g - a +4 ring of slaying
 q - a ring of protection from fire
 s - a +6 ring of strength (right hand)
 x - a +4 ring of protection (left hand)
Wands
 h - a wand of acid (6)
 j - a wand of flame (37)
 l - a wand of digging (5)
 o - a wand of polymorph (5)
 w - a wand of iceblast (14)
 A - a wand of paralysis (6)
 B - a wand of mindburst (10)
Scrolls
 e - 3 scrolls of immolation
 v - a scroll of enchant armour {unknown}
Potions
 d - 2 potions of might
 i - 8 potions of curing
 k - a potion of degeneration {unknown}
 n - a potion of cancellation {unknown}
 r - a potion of brilliance {unknown}
 t - 3 potions of flight
 z - a potion of haste {unknown}


   Skills:
 + Level 8.5 Fighting
 + Level 8.0 Axes
 + Level 8.4 Armour
 * Level 4.4 Dodging
 - Level 0.8 Stealth
 - Level 5.9 Shields
 - Level 4.0 Evocations


You had 8 spell levels left.
You didn't know any spells.
Your spell library contained the following spells:

 Spells                   Type           Power      Damage    Failure   Level
 Animate Skeleton         Necr           0%         N/A       78%         1
 Pain                     Necr           0%         1d4       78%         1
 Slow                     Hex            0%         N/A       78%         1
 Vampiric Draining        Necr           0%         2d6       98%         3
 Airstrike                Air            0%         N/A       100%        4
 Summon Lightning Spire   Summ/Air       0%         N/A       100%        4
 Lightning Bolt           Conj/Air       0%         1d11      100%        5


Dungeon Overview and Level Annotations

Branches:
Dungeon (8/15)
 Temple: D:4-7         Lair: D:8-11

Altars:

Shops:
D:4 (

Annotations:
D:5 exclusion: downstairs


Innate Abilities, Weirdness & Mutations

You have a pair of horns on your head.
You reflexively headbutt those who attack you in melee.


Message History

The six-headed hydra bites you.
The six-headed hydra bites you but does no damage.
The six-headed hydra bites you!
* * * LOW HITPOINT WARNING * * *
The six-headed hydra bites you but does no damage.
You feel better.
You block the six-headed hydra's attack.
The six-headed hydra bites you but does no damage. x2
You block the six-headed hydra's attack.
The six-headed hydra bites you.
The six-headed hydra closely misses you.
You chop one of the six-headed hydra's heads off!
The five-headed hydra grows two more!
You slice the seven-headed hydra!! You headbutt the seven-headed hydra!
The seven-headed hydra is severely wounded.
The seven-headed hydra bites you but does no damage.
The seven-headed hydra bites you!
* * * LOW HITPOINT WARNING * * *
The seven-headed hydra bites you but does no damage.
You block the seven-headed hydra's attack.
The seven-headed hydra bites you!
* * * LOW HITPOINT WARNING * * *
The seven-headed hydra closely misses you.
The seven-headed hydra barely misses you.
As you read the scroll labelled UKHLED QUEKHLO, it crumbles to dust.
It is a scroll of amnesia.
You feel forgetful for a moment. The seven-headed hydra bites you.
* * * LOW HITPOINT WARNING * * *
The seven-headed hydra bites you but does no damage. x2
You block the seven-headed hydra's attack.
The seven-headed hydra bites you but does no damage.
The seven-headed hydra bites you.
* * * LOW HITPOINT WARNING * * *
The seven-headed hydra bites you.
* * * LOW HITPOINT WARNING * * *
There is a stone staircase leading up here.
This staircase leads to a travel-excluded area!
Enter next level anyway?
The seven-headed hydra bites you!
You die...

#<# #.###.# #.# #.#.# #.#
###.#...# #.# #.#.# #.##
.#....### #.# #.#.# ...
.###....# #.# #.#.#
#.#<###.#...#.## #.###.#.# #D
#...##.###.# ##.#.#.#.# #.
#...#.[...# #......#.#
#.#.#####.'#####....#........#
#....>......D@.######..#......
###.############ ##.#.#.### #.
##...## #. ##.## #. #.# #. #.#
.. #.# ## #.# #.######.#


You could see a seven-headed hydra.

Vanquished Creatures
  Pikel (D:4)
  Eustachio (D:6)
  4 yaks (D:8)
  A steam dragon (D:7)
  A water moccasin (D:8)
  Duvessa (D:4)
  A hornet zombie (D:5)
  An ice beast (D:7)
  A sky beast (D:7)
  A necrophage (D:7)
  A phantom (D:6)
  A kobold brigand (D:8)
  A bullfrog (D:6)
  A wyvern zombie (D:8)
  A water moccasin zombie (D:7)
  Dowan (D:4)
  3 killer bees (D:8)
  3 wights (D:6)
  A bullfrog zombie (D:5)
  A centaur zombie (D:6)
  2 orc priests
  A hound (D:4)
  A centaur skeleton (D:7)
  Ijyb (D:3)
  A scorpion zombie (D:5)
  5 orc wizards
  A howler monkey zombie (D:5)
  Robin (D:4)
  6 adders
  A howler monkey skeleton (D:7)
  An ufetubus (D:4)
  A worm (D:2)
  3 dart slugs
  12 orcs
  12 ball pythons
  2 bats
  8 endoplasms
  A giant cockroach (D:1)
  11 goblins
  9 hobgoblins
  2 quokkas
  5 frilled lizards
  14 kobolds
  4 rats
132 creatures vanquished.

Notes
Turn   | Place    | Note
-------+----------+-------------------------------------------
     0 | D:1      | ultragoat the Minotaur Fighter began the quest for the Orb.
     0 | D:1      | Reached XP level 1. HP: 19/19 MP: 0/0
   316 | D:1      | Reached XP level 2. HP: 13/27 MP: 1/1
  1273 | D:1      | Reached XP level 3. HP: 32/33 MP: 2/2
  1726 | D:2      | Reached XP level 4. HP: 41/41 MP: 3/3
  1864 | D:2      | Found a faded altar of an unknown god.
  1875 | D:2      | Got Plato's Collected Works on the Oath
  2347 | D:3      | Noticed Ijyb
  2354 | D:3      | Killed Ijyb
  2848 | D:4      | Noticed Blork the orc
  2945 | D:4      | Noticed a lemure
  2945 | D:4      | Noticed a lemure
  2946 | D:4      | Noticed Pikel
  2946 | D:4      | Noticed a lemure
  2949 | D:4      | Noticed a lemure
  2951 | D:4      | Killed Pikel
  2952 | D:4      | Reached skill level 5 in Fighting
  2952 | D:4      | Reached skill level 5 in Axes
  2952 | D:4      | Reached skill level 5 in Armour
  2952 | D:4      | Reached skill level 5 in Shields
  2952 | D:4      | Reached XP level 5. HP: 47/50 MP: 4/4
  2952 | D:4      | Reached XP level 6. HP: 54/57 MP: 5/5
  2952 | D:4      | Reached XP level 7. HP: 58/62 MP: 6/6
  3157 | D:4      | Noticed Robin
  3172 | D:4      | Killed Robin
  3451 | D:4      | Noticed Duvessa
  3451 | D:4      | Noticed Dowan
  3457 | D:4      | Killed Duvessa
  3458 | D:4      | Reached skill level 1 in Evocations
  3459 | D:4      | Killed Dowan
  3548 | D:4      | Found Getrum's Antique Weapon Shoppe.
  3557 | D:4      | Bought a glowing war axe for 117 gold pieces
  3677 | D:4      | Noticed Blork
  3677 | D:4      | Blork the orc changed into Blork the ball python
  3681 | D:4      | Killed Blork the ball python
  4028 | D:5      | Entered Level 5 of the Dungeon
  4605 | D:5      | Reached XP level 8. HP: 71/71 MP: 7/7
  4868 | D:6      | Noticed Eustachio
  4872 | D:6      | Killed Eustachio
  4887 | D:6      | Noticed a four-headed hydra
  5712 | D:7      | Reached skill level 1 in Dodging
  5765 | D:7      | Reached XP level 9. HP: 80/80 MP: 8/8
  7510 | D:6      | HP: 1/82 [seven-headed hydra (4)]
  7516 | D:6      | Mangled by a seven-headed hydra

Illustrated notes

Levels and vault maps discovered:
D:1:      tarquinn_simple_flora_water_d, layout_basic
D:2:      layout_basic, shapermc_ecumenical_altar_rom_forum,
          minmay_snake_closets
D:3:      layout_loops_ring, chequers_serial_rivers_room_b, nrook_loot_triangle,
          uniq_ijyb
D:4:      layout_cave_pods, nicolae_stop_n_shop_2, uniq_pikel,
          uniq_blork_the_orc, uniq_robin, uniq_duvessa
D:5:      layout_layer_cave, serial_glass, glass_columns_a, glass_columns_b,
          glass_columns_b, grunt_ministairs_9
D:6:      layout_loops_ring, mainiacjoe_overflow_swirl,
          minmay_temple_entry_steel_oval, uniq_eustachio
D:7:      layout_basic, serial_curves, eino_curves_02, eino_curves_03,
          eino_curves_03, eino_curves_04, hex_large
D:8:      layout_basic, minmay_misc_feat_room

Skill      XL: |  1  2  3  4  5  6  7  8  9 |
---------------+----------------------------+-----
Fighting       | 4 5 6 7 8 |  8.5
Armour         | 4 5 6 7 8 |  8.4
Axes           | 3 5 7 8 |  8.0
Shields        | 4 5 |  5.9
Evocations     | 2 4 |  4.0
Dodging        | 1 4 |  4.4
Stealth        | |  0.8

Action                   |  1- 3 |  4- 6 |  7- 9 || total
-------------------------+-------+-------+-------++-------
Melee: War axe           |    59 |    41 |   171 ||   271
       Headbutt          |    13 |     7 |    28 ||    48
Evoke: Wand              |       |     4 |    13 ||    17
  Use: Scroll            |     3 |     1 |     7 ||    11
       Potion            |       |       |     4 ||     4
Armor: Scale mail        |    34 |    15 |    84 ||   133
Dodge: Dodged            |    29 |    19 |    73 ||   121
Block: Buckler           |    16 |    13 |    47 ||    76
